Map: Wieże Zmierzchu

Players

Spectrum - Winner!

  • Race: Zerg Zerg

SI 1 (Łatwa)

  • Race: Zerg Zerg

VOD

Have the link to the VOD?

Description

qq

Time

  • Played on: Nov. 18, 2015, 8:50 a.m.
  • Length: 5:39
Show
View Real Time Build Order
Export as new Build Order

Spectrum Zerg - Winner!

Build Orders: Hatch First 

Get SALT Encoding   

  12  0:01  Drone  
  13  0:12  Overlord  
  13  0:19  Drone  
  14  0:31  Drone x2  
  14  0:35  Drone  
  17  0:54  Hatchery  
  17  0:57  Drone  
  17  0:59  Drone  
  17  1:01  Extractor  
  17  1:14  Spawning Pool  
  17  1:17  Drone  
  17  1:24  Drone  
  18  1:31  Drone  
  19  1:39  Overlord  
  19  2:01  Queen  
  19  2:03  Zergling x4  
  19  2:06  Queen  
  19  2:08  Metabolic Boost  
  25  2:10  Zergling x2  
  25  2:13  Drone  
  27  2:18  Drone  
  28  2:24  Drone  
  28  2:29  Drone  
  30  2:33  Drone  
  31  2:37  Roach Warren  
  31  2:39  Drone  
  31  2:43  Drone  
  32  2:50  Drone  
  33  2:54  Drone  
  34  3:02  Overlord  
  34  3:05  Overlord  
  34  3:10  Overlord  
  34  3:18  Roach  
  36  3:21  Roach x4  
  44  3:31  Zergling x6  
  47  3:41  Zergling x4  
  49  3:49  Ravager x2  
  49  3:51  Zergling x12  
  57  4:00  Overlord x2  
  57  4:09  Zergling x2  
  58  4:21  Zergling x14  
  65  4:26  Overlord  
  65  4:27  Overlord  
  63  4:49  Zergling x8  
  67  5:16  Zergling x12  
  73  5:28  Ravager x2  
  77  5:34  Hatchery  
Show
View Real Time Build Order
Export as new Build Order

SI 1 (Łatwa) Zerg 

Build Orders: Pool Only 

Get SALT Encoding   

  12  0:00  Drone  
  13  0:12  Overlord  
  13  0:17  Drone  
  14  0:30  Drone  
  14  0:34  Drone  
  16  0:43  Spawning Pool  
  16  0:45  Extractor  
  16  0:46  Drone  
  15  0:50  Drone  
  16  0:58  Overlord  
  16  1:30  Queen  
  16  1:31  Zergling x2  
  19  1:33  Roach Warren  
  19  1:35  Extractor  
  19  1:36  Drone  
  19  1:37  Zergling x2  
  19  1:42  Drone  
  20  1:52  Zergling x2  
  21  2:03  Zergling x2  
  22  2:14  Zergling x2  
  23  2:24  Zergling x2  
  24  2:35  Zergling x2  
  24  2:36  Overlord  
  24  2:37  Drone  
  26  2:41  Zergling x2  
  27  2:47  Drone  
  28  2:58  Drone  
  29  3:08  Drone  
  30  3:13  Drone, Overlord  
  30  3:17  Drone  
  32  4:05  Zergling x2  
  32  4:44  Zergling x2  
  31  4:49  Zergling x2  
  26  4:55  Zergling x2  
  27  5:01  Zergling x2  
  18  5:07  Drone, Zergling x2  
  18  5:11  Drone  
  18  5:13  Zergling x2  
  8  5:15  Drone  
  8  5:19  Drone  
  7  5:24  Drone  
Tags
 
Add a new tag
Caveats
  • Supply blocks, unpowered buildings, or Contaminate may cause inaccurate times.
  • Supply counts are checked every 10 seconds.